 Dungeon Crawl Stone Soup version 0.31.0-11-ge490571c62 (webtiles) character file.

Game seed: 4289981151619083251

147 qw the Skirmisher (level 5, -2/29 HPs)
             Began as a Deep Elf Hunter on Feb 4, 2024.
             Was an Initiate of Okawaru.
             Slain by an orc priest
             ... wielding a +0 dagger
              (4 damage)
             ... on level 4 of the Dungeon.
             The game lasted 00:00:13 (3117 turns).

qw the Skirmisher (Deep Elf Hunter)                 Turns: 3117, Time: 00:00:13

Health: -2/29      AC:  7    Str: 10    XL:     5   Next: 8%
Magic:  7/7        EV: 12    Int: 14    God:    Okawaru [......]
Gold:   98         SH:  0    Dex: 18    Spells: 4/4 levels left

rFire   . . .        a - +0 shortbow
rCold   + . .        (shield currently unavailable)
rNeg    . . .        c - +0 leather armour
rPois   .            (no helmet)
rElec   .            (no cloak)
rCorr   .            (no gloves)
SInv    .            (no boots)
Will    .....        (no amulet)
Stlth   ++           h - +4 ring of protection
HPRegen 0.24/turn    l - ring of protection from cold
MPRegen 0.10/turn

%: no passive effects
@: no status effects
A: no striking features
a: Renounce Religion


You were on level 4 of the Dungeon.
You worshipped Okawaru.
Okawaru was noncommittal.
You visited 1 branch of the dungeon, and saw 4 of its levels.

You collected 175 gold pieces.
You spent 77 gold pieces at shops.


   Skills:
 - Level 1.5 Fighting
 + Level 8.5 Ranged Weapons
 - Level 2.4 Dodging
 - Level 1.2 Stealth


You had 4 spell levels left.
You didn't know any spells.
Your spell library was empty.

Inventory:

Hand Weapons
 a - a +0 shortbow (weapon)
Armour
 c - a +0 leather armour (worn)
 f - a +0 scale mail
Jewellery
 h - a +4 ring of protection (left hand)
 l - a ring of protection from cold (right hand)
Wands
 m - a wand of charming (13)
Scrolls
 b - a scroll of vulnerability {unknown}
 i - 2 scrolls of identify
 j - 2 scrolls of fear {unknown}
Potions
 d - 2 potions of curing
 g - a potion of might
 k - a potion of ambrosia {unknown}

Dungeon Overview and Level Annotations

Branches:
Dungeon (4/15)
 Temple: D:4-7

Altars:
Cheibriados
Kikubaaqudgha
Nemelex Xobeh
Okawaru
Qazlal
The Shining One

Shops:
D:1 =[[(!   D:2 (


Message History

You shoot an arrow.
The arrow hits the orc priest but does no damage.
The orc priest is lightly wounded.
An orc comes into view. It is wielding a +0 flail.
The orc priest mumbles some strange prayers to Beogh against you.
Beogh smites you!
You shoot an arrow. The arrow barely misses the orc priest.
The orc shouts!
The orc priest mumbles some strange prayers to Beogh against you.
Beogh smites you!
3109 ||| DRINKING potion of heal wounds.
You feel much better.
The orc priest invokes the aid of Beogh against you.
Beogh smites you!
You shoot an arrow.
The arrow closely misses the orc priest.
You shoot an arrow. The arrow hits the orc priest.
The orc priest is heavily wounded.
You shoot an arrow. The arrow barely misses the orc priest.
The orc priest misses you.
You shoot an arrow. The arrow hits the orc warrior!
The orc warrior is moderately wounded.
The orc warrior hits you with a +0 dire flail.
You shoot an arrow.
The arrow hits the orc priest but does no damage.
The orc priest is heavily wounded.
The orc priest hits you but does no damage.
The orc warrior misses you.
You shoot an arrow. The arrow barely misses the orc priest.
The orc warrior hits you with a +0 dire flail!
The orc priest barely misses you.
You shoot an arrow.
The arrow completely misses the orc priest.
The orc barely misses you. The orc warrior closely misses you.
The orc priest hits you but does no damage.
You shoot an arrow.
The arrow closely misses the orc priest.
The orc misses you. The orc warrior misses you.
The orc priest hits you with a +0 dagger.
You die...

...#....# ...#....#
#.... ...+....# #....#
...#....# #....#
...#....####....#
####............#####
..................!.#
.................o..#
.........<......@o..#
.................o..#
##'###+###.....####.....
.........#.....# ....
.........#.....# ...
.........#.....# ..
.........#.....# .
.........#.....#
##########.....#


You could see an orc warrior, an orc priest and an orc.

Vanquished Creatures
  A hound (D:4)
  2 adders
  4 dart slugs
  3 ribbon worms (D:2)
  9 ball pythons
  9 bats
  6 endoplasms
  3 giant cockroaches
  5 goblins
  8 hobgoblins
  4 jackals (D:1)
  A quokka (D:1)
  7 frilled lizards
  10 kobolds
  11 rats
83 creatures vanquished.

Notes
Turn   | Place    | Note
-------+----------+-------------------------------------------
     0 | D:1      | qw the Deep Elf Hunter began the quest for the Orb.
     0 | D:1      | Reached XP level 1. HP: 12/12 MP: 3/3
     0 | D:1      | 0 ||| qw: Version: 0.3-a-160-g6735b56
     0 | D:1      | 0 ||| qw: Game counter: 4557
     0 | D:1      | 0 ||| qw: Melee chars always use a shield: true
     0 | D:1      | 0 ||| qw: God list: Okawaru
     0 | D:1      | 0 ||| qw: Allow faded altars: false
     0 | D:1      | 0 ||| qw: Do Orc after clearing Dungeon:15 true
     0 | D:1      | 0 ||| qw: Do second Lair branch before Depths: true
     0 | D:1      | 0 ||| qw: Lair rune preference: random
     0 | D:1      | 0 ||| qw: Goals: Normal
     0 | D:1      | 0 ||| PLANNING D:1-11
    26 | D:1      | Found Xapoergh's Antique Armour Shoppe.
    43 | D:1      | 43 ||| SHOPLISTING pair of boots (99 gold, have 13).
    43 | D:1      | 43 ||| SHOPLISTING ring mail (88 gold, have 13).
    43 | D:1      | 43 ||| SHOPLISTING runed ring mail (154 gold, have 13).
    43 | D:1      | 43 ||| SHOPLISTING runed robe (81 gold, have 13).
    43 | D:1      | 43 ||| SHOPLISTING transparent leather armour (154 gold,
                  | have 13).
    45 | D:1      | Found Bodite Ryppa's Antique Armour Emporium.
    55 | D:1      | 55 ||| SHOPLISTING pair of glowing gloves (232 gold, have
                  | 13).
    55 | D:1      | 55 ||| SHOPLISTING runed scale mail (217 gold, have 13).
    55 | D:1      | 55 ||| SHOPLISTING scale mail (124 gold, have 13).
    65 | D:1      | Found Xaithy's Weapon Shoppe.
   184 | D:1      | Found Cemob's Jewellery Shoppe.
   193 | D:1      | Reached skill level 6 in Ranged Weapons
   193 | D:1      | Reached XP level 2. HP: 13/16 MP: 4/4
   211 | D:1      | 211 ||| SHOPLISTING +4 ring of slaying (858 gold, have 36).
   211 | D:1      | 211 ||| SHOPLISTING +6 ring of dexterity (396 gold, have
                  | 36).
   211 | D:1      | 211 ||| SHOPLISTING amulet of Ughil {Faith *Corrode Slay+5}
                  | (686 gold, have 36).
   211 | D:1      | 211 ||| SHOPLISTING ring of Attitude {rC+ Will+++ Int-3
                  | Dex-3 SInv} (488 gold, have 36).
   211 | D:1      | 211 ||| SHOPLISTING ring of poison resistance (220 gold,
                  | have 36).
   211 | D:1      | 211 ||| SHOPLISTING ring of willpower (275 gold, have 36).
   576 | D:1      | Reached XP level 3. HP: 17/20 MP: 5/5
   787 | D:1      | Found Befim's Distillery.
   802 | D:1      | 802 ||| BUYING potion of curing (33 gold).
   802 | D:1      | Bought a potion of curing for 33 gold pieces
   802 | D:1      | 802 ||| SHOPLISTING potion of haste (110 gold, have 46).
   802 | D:1      | 802 ||| SHOPLISTING potion of heal wounds (55 gold, have
                  | 46).
   802 | D:1      | 802 ||| BUYING potion of might (44 gold).
   802 | D:1      | Bought a potion of might for 44 gold pieces
   900 | D:1      | 900 ||| DROPPING scarf of invisibility.
   901 | D:1      | 901 ||| DROPPING scroll of butterflies.
   986 | D:2      | Reached skill level 7 in Ranged Weapons
  1255 | D:2      | 1255 ||| UPGRADING to +4 ring of protection.
  1256 | D:2      | 1256 ||| READING scroll labelled PENA JINTAPTU.
  1256 | D:2      | 1256 ||| IDENTIFYING orange potion
  1257 | D:2      | 1257 ||| DRINKING 2 viscous yellow potions.
  1275 | D:2      | Reached XP level 4. HP: 25/25 MP: 6/6
  1293 | D:2      | 1293 ||| DROPPING potion of lignification.
  1552 | D:2      | Found Pumeruil's Antique Weapon Shop.
  2358 | D:3      | Found a sparkling altar of Nemelex Xobeh.
  2410 | D:3      | Found a stormy altar of Qazlal.
  2411 | D:3      | Found a glowing golden altar of the Shining One.
  2412 | D:3      | Found an ancient bone altar of Kikubaaqudgha.
  2412 | D:3      | Found a snail-covered altar of Cheibriados.
  2416 | D:3      | Found an iron altar of Okawaru.
  2417 | D:3      | 2417 ||| PLANNING OKAWARU WORSHIP
  2417 | D:3      | 2417 ||| DROPPING ring of ice.
  2418 | D:3      | 2418 ||| UPGRADING to ring of protection from cold.
  2419 | D:3      | 2419 ||| READING 5 scrolls of identify.
  2419 | D:3      | 2419 ||| IDENTIFYING bubbling brown potion
  2420 | D:3      | 2420 ||| READING 4 scrolls of identify.
  2420 | D:3      | 2420 ||| IDENTIFYING golden potion
  2421 | D:3      | 2421 ||| READING 3 scrolls of identify.
  2421 | D:3      | 2421 ||| IDENTIFYING scroll labelled PEQEMPEA OPOPN
  2422 | D:3      | 2422 ||| DROPPING potion of magic.
  2423 | D:3      | 2423 ||| DROPPING potion of attraction.
  2424 | D:3      | 2424 ||| DROPPING scroll of blinking.
  2427 | D:3      | Became a worshipper of Warmaster Okawaru
  2428 | D:3      | 2428 ||| PLANNING D:1-11
  2510 | D:3      | Found a faded altar of an unknown god.
  2834 | D:4      | Reached skill level 8 in Ranged Weapons
  2938 | D:4      | Reached XP level 5. HP: 20/29 MP: 7/7
  3104 | D:4      | Noticed an orc warrior
  3108 | D:4      | HP: 4/29 [orc priest/divine providence (12)]
  3109 | D:4      | 3109 ||| DRINKING potion of heal wounds.
  3115 | D:4      | HP: 1/29 [orc warrior/+0 dire flail (13)]
  3117 | D:4      | Slain by an orc priest

Levels and vault maps discovered:
D:1:      minmay_arrival_glassed_features, layout_basic, serial_shops, shop,
          shop, shop, nicolae_shop_temple_entry_statues_fountains, shop,
          due_unseen_surprise
D:2:      layout_basic, serial_shops, shop, columned_hall_lemuel,
          nicolae_eternal_life, minmay_pentomino_pile
D:3:      layout_loops_cross, mainiacjoe_overflow_six_doors_small, minitemple,
          shapermc_ecumenical_altar_gd
D:4:      layout_gridville

Skill      XL: |  1  2  3  4 |
---------------+-------------+-----
Ranged Weapons | 6 7 8 |  8.5
Fighting       | |  1.5
Dodging        | |  2.4
Stealth        | |  1.2

Action                     |  1- 3 |  4- 6 || total
---------------------------+-------+-------++-------
   Fire: Shortbow          |   136 |   110 ||   246
    Use: Scroll            |     1 |     3 ||     4
         Potion            |     1 |     1 ||     2
 Armour: Leather armour    |    24 |    25 ||    49
  Dodge: Dodged            |    44 |    25 ||    69

Table legend:
 A = Non-vault XP
 B = Vault XP
 C = Vault XP percentage of total XP
 D = Non-vault monster count
 E = Vault monster count
 F = Vault count percentage of total count
                 A         B        C        D         E       F
            +---------+---------+-------+---------+---------+-------
      Total |     196 |      15 |   7.1 |      81 |       2 |   2.4
            +---------+---------+-------+---------+---------+-------
        D:1 |      53 |       0 |   0.0 |      29 |       0 |   0.0
        D:2 |      52 |      15 |  22.4 |      26 |       2 |   7.1
        D:3 |      24 |       0 |   0.0 |      17 |       0 |   0.0
        D:4 |      67 |       0 |   0.0 |       9 |       0 |   0.0
            +---------+---------+-------+---------+---------+-------
